 Dungeon Crawl Stone Soup version 0.24-a0-282-g1a68c91 (webtiles) character file.

Game seed: 16842587265186106222

1771 MatthieuS the Spear-Bearer (level 9, 0/72 HPs)
             Began as a Human Wanderer on May 3, 2019.
             Was a Follower of Okawaru.
             Slain by an orc warrior
             ... wielding a +0 long sword
              (15 damage)
             ... on level 6 of the Dungeon.
             The game lasted 00:14:05 (7126 turns).

MatthieuS the Spear-Bearer (Human Wanderer)         Turns: 7126, Time: 00:14:06

Health: 0/72       AC:  7    Str: 13    XL:     9   Next: 28%
Magic:  11/11      EV: 15    Int: 13    God:    Okawaru [*.....]
Gold:   308        SH:  0    Dex: 20    Spells: 8/8 levels left

rFire    + . .     SeeInvis .   a - +2 spear
rCold    + . .     Gourm    .   (no shield)
rNeg     . . .     Faith    .   i - +0 ring mail
rPois    .         Spirit   .   r - +2 hat
rElec    .         Reflect  .   b - scarf {rC+ rF+}
rCorr    +         Harm     .   (no gloves)
MR       .....                  (no boots)
Stlth    +++.......             p - amulet of the acrobat
HPRegen  0.22/turn              f - ring of resist corrosion
MPRegen  0.12/turn              (no ring)

@: agile
A: no striking features
a: Heroism, Renounce Religion


You were on level 6 of the Dungeon.
You worshipped Okawaru.
Okawaru was aware of your devotion.
You were not hungry.

You visited 2 branches of the dungeon, and saw 7 of its levels.

You collected 308 gold pieces.

Inventory:

Hand Weapons
 a - a +2 spear (weapon)
 l - a +0 hand axe of venom
   (You took it off an orc on level 4 of the Dungeon)
 w - a +0 blowgun
Missiles
 c - 38 poisoned needles
 o - a throwing net (quivered) {!f}
Armour
 b - a scarf of resistance (worn)
   (You found it on level 5 of the Dungeon)
 g - a +0 robe
 i - a +0 ring mail (worn)
   (You found it on level 1 of the Dungeon)
 r - a +2 hat (worn)
   (You found it on level 2 of the Dungeon)
Jewellery
 f - a ring of resist corrosion (left hand)
   (You found it on level 1 of the Dungeon)
 p - an amulet of the acrobat (around neck)
   (You took it off a gnoll on level 4 of the Dungeon)
Wands
 t - a wand of flame (2)
   (You took it off Ijyb on level 4 of the Dungeon)
Scrolls
 d - a scroll of blinking
 h - a scroll of magic mapping
 j - 2 scrolls of amnesia
 n - 5 scrolls of remove curse {@r2}
 q - a scroll of enchant armour
 s - a scroll of teleportation {@r4}
 v - 2 scrolls of enchant weapon
 x - a scroll of fog
Potions
 k - 3 potions of cancellation
Comestibles
 e - 8 rations
 z - 6 chunks of flesh


   Skills:
 + Level 7.4 Fighting
 * Level 9.0 Polearms
 - Level 1.0 Throwing
 - Level 1.0 Armour
 - Level 2.0 Stealth
 + Level 3.2 Invocations
 - Level 1.0 Evocations


You had 8 spell levels left.
You didn't know any spells.
Your spell library contained the following spells:

 Spells                   Type           Power        Failure   Level  Hunger
 Confusing Touch          Hex            #.....       54%         1    ##.....
 Confuse                  Hex            #.......     89%         3    ####...
 Gell's Gravitas          Tloc           #.........   89%         3    ####...
 Petrify                  Tmut/Erth      #.......     100%        4    #####..
 Metabolic Englaciation   Hex/Ice        #.........   100%        5    ######.
 Yara's Violent Unravell  Hex/Tmut       #.........   100%        5    ######.


Dungeon Overview and Level Annotations

Branches:
Dungeon (6/15)             Temple (1/1) D:5

Altars:
Ashenzari
Cheibriados
Dithmenos
Elyvilon
Fedhas
Gozag
Hepliaklqana
Kikubaaqudgha
Makhleb
Nemelex Xobeh
Okawaru
Qazlal
Ru
Trog
Vehumet
Wu Jian
Xom
Yredelemnul
Zin
The Shining One

Annotations:
D:4 2 transporters, yuri's ghost, amateur OpTm


Message History

The orc priest miscasts a cantrip.
The orc wizard completely misses you.
You hit the orc wizard.
You kill the orc wizard!
Okawaru accepts your kill.
Your base Polearms skill increases to level 9!
You hit the adder zombie. The adder zombie completely misses you.
You completely miss the adder zombie. The adder zombie misses you.
You closely miss the adder zombie. You hit the adder zombie.
The adder zombie misses you.
The orc priest calls down the wrath of Beogh upon you.
Beogh smites you!
You barely miss the adder zombie.
The adder zombie bites you but does no damage.
You hit the adder zombie. The adder zombie barely misses you.
You closely miss the adder zombie.
The adder zombie bites you but does no damage.
You puncture the adder zombie!
You destroy the adder zombie!
Okawaru accepts your kill.
You hit the orc priest. You closely miss the orc warrior.
You hit the orc warrior but do no damage.
The orc warrior closely misses you.
You hit the orc warrior but do no damage.
You hit the orc warrior.
The orc warrior hits you with a +0 long sword!
You barely miss the orc warrior.
You hit the orc warrior but do no damage.
You punch the orc warrior.
The orc warrior hits you with a +0 long sword!!
* * * LOW HITPOINT WARNING * * *
You hit the orc warrior. The orc warrior misses you.
You hit the orc warrior.
You feel like a meek peon again.
Unknown command.
You hit the orc warrior.
The orc warrior hits you with a +0 long sword!
* * * LOW HITPOINT WARNING * * *
You feel better.
The orc warrior hits you but does no damage.
Unknown command.
You feel agile all of a sudden. The orc warrior misses you.
You closely miss the orc warrior.
You feel yourself speed up. The orc warrior barely misses you.
You hit the orc warrior.
The orc warrior hits you with a +0 long sword!
You die...

... ##....#.#.#.##....# # ...
#....#.#...###.#[# # ...
#....#.##.## #.#.# # #.#
#....#.##.# #.#.### ## #.#
#.#.##.##.####.#.... .###.#####
##......##...........
#..#.#...####...(##########.##...
#................# #......
#..##.........##@# ####...
.#.##......##.##o#### #...
##.###...#.##..(o...# #... ..#
##.##.#...#.##.# #### ###
#.##.#.....# .. #.##..$....# ...
#.#######.># .. ... .... . ..#
####


You could see an orc warrior and an orc priest.

Vanquished Creatures
  Grinder (D:4)
  Sigmund (D:2)
  A necrophage (D:6)
  4 ogres
  A bullfrog (D:6)
  A wyvern skeleton (D:6)
  A scorpion (D:4)
  3 crimson imps (D:6)
  A centaur zombie (D:5)
  A hound (D:4)
  An orc priest (D:6)
  A bullfrog skeleton (D:6)
  Ijyb (D:4)
  4 orc wizards
  3 worker ants
  Natasha (thrice) (D:4)
  A worker ant zombie (D:6)
  2 howler monkey skeletons (D:4)
  4 adders
  10 gnolls
  A shadow imp (D:5)
  An adder zombie (D:6)
  3 worms
  3 dart slugs
  7 leopard geckos
  18 orcs
  10 bats
  3 giant cockroaches
  5 goblins
  4 hobgoblins
  2 jackals (D:1)
  3 quokkas
  8 frilled lizards
  A jackal skeleton (D:4)
  3 kobolds
  A leopard gecko zombie (D:5)
  A quokka skeleton (D:4)
  A quokka zombie (D:5)
  16 rats
136 creatures vanquished.

Vanquished Creatures (others)
  An orc wizard (D:6)
1 creature vanquished.

Grand Total: 137 creatures vanquished

Notes
Turn   | Place    | Note
-------+----------+-------------------------------------------
     0 | D:1      | MatthieuS the Human Wanderer began the quest for the Orb.
     0 | D:1      | MatthieuS set off with the following items: a +2 spear, a
                  | +0 falchion, 15 poisoned needles, a +0 blowgun, a ration, a
                  | +0 dagger, a +0 robe
     0 | D:1      | Reached XP level 1. HP: 19/19 MP: 1/1
   262 | D:1      | Reached XP level 2. HP: 25/25 MP: 2/2
   339 | D:1      | Reached skill level 2 in Polearms
   668 | D:2      | Reached XP level 3. HP: 30/30 MP: 3/3
   898 | D:2      | Reached XP level 4. HP: 38/38 MP: 4/4
   910 | D:2      | Reached skill level 3 in Polearms
  1230 | D:2      | Noticed Sigmund
  1248 | D:2      | Killed Sigmund
  1248 | D:2      | Reached skill level 5 in Fighting
  1248 | D:2      | Reached skill level 4 in Polearms
  1248 | D:2      | Reached XP level 5. HP: 15/44 MP: 5/5
  1248 | D:2      | Reached XP level 6. HP: 18/51 MP: 6/6
  1931 | D:3      | Reached skill level 5 in Polearms
  2646 | D:4      | Noticed an ogre
  2884 | D:4      | Found a glowing silver altar of Zin.
  2896 | D:4      | Reached XP level 7. HP: 51/56 MP: 7/7
  2948 | D:4      | Noticed Grinder
  2964 | D:4      | Noticed Natasha
  2985 | D:4      | Killed Natasha
  2992 | D:4      | Killed Grinder
  2992 | D:4      | Reached skill level 6 in Polearms
  3397 | D:4      | Reached XP level 8. HP: 64/64 MP: 8/8
  3458 | D:4      | Found a transporter.
  3459 | D:4      | Found a transporter.
  3459 | D:4      | Noticed yuri's ghost (amateur OpTm)
  3528 | D:4      | Reached skill level 7 in Polearms
  3612 | D:4      | Noticed Natasha
  3621 | D:4      | Killed Natasha
  3841 | D:4      | Noticed Ijyb
  3875 | D:4      | Killed Ijyb
  4390 | D:4      | Noticed Natasha
  4490 | D:4      | Killed Natasha
  4498 | D:5      | Entered Level 5 of the Dungeon
  4570 | D:5      | Found a staircase to the Ecumenical Temple.
  4576 | Temple   | Entered the Ecumenical Temple
  4768 | Temple   | Became a worshipper of Warmaster Okawaru
  5181 | D:5      | Found a shimmering altar of Xom.
  5213 | D:5      | Found a blossoming altar of Fedhas.
  5224 | D:5      | Reached skill level 1 in Invocations
  5243 | D:5      | Found a blossoming altar of Fedhas.
  5266 | D:5      | Reached skill level 8 in Polearms
  5821 | D:6      | Reached XP level 9. HP: 47/70 MP: 10/10
  5831 | D:6      | Reached * piety under Okawaru
  6716 | D:6      | Found a white marble altar of Elyvilon.
  7104 | D:6      | Reached skill level 9 in Polearms
  7126 | D:6      | Slain by an orc warrior

Levels and vault maps discovered:
D:1:      lightli_arrival_boilingwater, layout_loops_ring,
          minmay_misc_feat_columns
D:2:      layout_basic, uniq_sigmund
D:3:      layout_basic, gup_sewer_entry_bubbles
D:4:      layout_loops_ring, gammafunk_ghost_mausoleum, minmay_ruined_shrine,
          uniq_grinder, uniq_natasha, uniq_ijyb
D:5:      layout_gridville, nicolae_overflow_crystal_walls,
          minmay_temple_entry_enclosed_plants, basic_altar, first_ration,
          minmay_misc_feat_hallway, fedhas_altar_2
D:6:      layout_loops_cross, led_sif_pool, grunt_ministairs_4,
          minmay_misc_feat_tower, minivault_24, elyvilon_altar_4
Temple:   dpeg_five_rooms_temple

Skill      XL: |  1  2  3  4  5  6  7  8  9 |
---------------+----------------------------+-----
Polearms       | 2 4 5 6 8 9 |  9.0
Fighting       | 5 6 7 |  7.4
Invocations    | 2 3 |  3.2
Throwing       | |  1.0
Armour         | |  1.0
Stealth        | |  2.0
Evocations     | |  1.0

Action                   |  1- 3 |  4- 6 |  7- 9 || total
-------------------------+-------+-------+-------++-------
Melee: Spear             |    78 |   211 |   550 ||   839
       Punch             |       |       |     1 ||     1
Invok: Heroism           |       |       |     2 ||     2
Evoke: Wand              |       |       |     6 ||     6
  Use: Potion            |       |     4 |    10 ||    14
       Scroll            |       |       |     9 ||     9
 Stab: Sleeping          |     5 |     3 |     3 ||    11
  Eat: Chunk             |       |     7 |     7 ||    14
       Ration            |       |       |     2 ||     2
Armor: Ring mail         |    16 |    42 |    89 ||   147
       Robe              |     4 |       |       ||     4
       Skin              |       |       |     8 ||     8
Dodge: Dodged            |    36 |    75 |   156 ||   267

Table legend:
 A = Non-vault XP
 B = Vault XP
 C = Vault XP percentage of total XP
 D = Non-vault monster count
 E = Vault monster count
 F = Vault count percentage of total count
                 A         B        C        D         E       F
            +---------+---------+-------+---------+---------+-------
      Total |    1563 |     968 |  38.2 |     114 |      23 |  16.8
            +---------+---------+-------+---------+---------+-------
        D:1 |      26 |       0 |   0.0 |      15 |       0 |   0.0
        D:2 |      93 |     231 |  71.3 |      27 |       1 |   3.6
        D:3 |      62 |      14 |  18.4 |      14 |       8 |  36.4
        D:4 |     418 |     607 |  59.2 |      19 |      12 |  38.7
        D:5 |     253 |       0 |   0.0 |      17 |       0 |   0.0
        D:6 |     711 |     116 |  14.0 |      22 |       2 |   8.3
            +---------+---------+-------+---------+---------+-------
